 Dungeon Crawl Stone Soup version 0.31-a0-819-gf6de2f5ab6 (webtiles) character file.

Game seed: 8133460309321228387

23 DApurpleWHUMPUS the Gusty (level 2, -7/15 HPs)
             Began as a Deep Elf Air Elementalist on Sept 24, 2023.
             Mangled by a kobold
             ... wielding a +3 short sword of electrocution
              (20 damage)
             ... on level 2 of the Dungeon.
             The game lasted 00:04:06 (1300 turns).

DApurpleWHUMPUS the Gusty (DEAE)                    Turns: 1300, Time: 00:04:07

Health: -7/15      AC:  3    Str:  5    XL:     2   Next: 72%
Magic:  4/8        EV: 13    Int: 19    God:
Gold:   30         SH:  0    Dex: 15    Spells: 2/7 levels left

rFire   . . .        k - +0 spear
rCold   . . .        (no shield)
rNeg    . . .        a - +0 robe
rPois   .            (no helmet)
rElec   .            (no cloak)
rCorr   .            (no gloves)
SInv    .            l - +0 pair of boots
Will    +....        (no amulet)
Stlth   ++           d - ring of willpower
HPRegen 0.22/turn    (no ring)
MPRegen 0.11/turn

%: no passive effects
@: no status effects
A: no striking features
a: no special abilities


You were on level 2 of the Dungeon.
You visited 1 branch of the dungeon, and saw 2 of its levels.

You collected 30 gold pieces.

Inventory:

Hand Weapons
 e - a +0 short sword
 k - a +0 spear (weapon)
Armour
 a - a +0 robe (worn)
 l - a +0 pair of boots (worn)
Jewellery
 d - a ring of willpower (left hand)
Scrolls
 c - a scroll of teleportation {unknown}
 f - a scroll of fear {unknown}
 g - a scroll of identify {unknown}
 h - a scroll of silence {unknown}
 i - a scroll of vulnerability {unknown}
 n - a scroll of enchant armour {unknown}
Potions
 b - a potion of magic
 j - a potion of ambrosia {unknown}
 m - a potion of berserk rage {unknown}


   Skills:
 - Level 0.1 Short Blades
 + Level 2.8 Dodging
 + Level 2.4 Stealth
 * Level 3.4 Spellcasting
 + Level 1.2 Conjurations
 * Level 3.5 Air Magic
 + Level 0.0 Poison Magic


You had 2 spell levels left.
You knew the following spells:

 Your Spells              Type           Power      Damage    Failure   Level
a - Shock                 Conj/Air       48%        1d6       5%          1
b - Poisonous Vapours     Pois/Air       20%        N/A       11%         2
c - Static Discharge      Conj/Air       24%        2-3/arc   9%          2

Your spell library contained the following spells:

 Spells                   Type           Power      Damage    Failure   Level
 Apportation              Tloc           6%         N/A       14%         1
 Sting                    Tmut/Pois      12%        1d3       14%         1
 Jinxbite                 Hex            6%         N/A       22%         2
 Swiftness                Air            16%        N/A       11%         3
 Airstrike                Air            8%         2d(2-18)  34%         4
 Summon Lightning Spire   Summ/Air       9%         N/A       56%         4
 Olgreb's Toxic Radiance  Pois           3%         N/A       82%         4
 Alistair's Intoxication  Tmut/Pois      2%         N/A       99%         5


Dungeon Overview and Level Annotations

Branches:
Dungeon (2/15)

Altars:


Message History

Press: ? - help, Shift-Dir - straight line, f/p - bat
Aim: a bat (severely wounded, 52% to hit)
The zap hits the bat.
You kill the bat!
You're too inexperienced to learn that spell!
You climb upwards.
There is a stone staircase leading down here.
You climb downwards.
There is a stone staircase leading up here.
Okay, then.
You start memorising the spell.
You continue memorising. x2
You finish memorising.
Spell assigned to 'c'.
Casting: Shock (safe; 5% risk of failure)
Confirm with . or Enter, or press ? or * to list all spells.
You can't see any susceptible monsters within range! (Use Z to cast anyway.) Unknown command.
You start resting.
A kobold comes into view. It is wielding a +0 whip.
A kobold is nearby!
A kobold is nearby!
The kobold shouts!
The kobold hits you with a +0 whip.
Casting: Shock (safe; 5% risk of failure)
Confirm with . or Enter, or press ? or * to list all spells.
The kobold is struck by an arc of lightning.
You kill the kobold!
You are struck by an arc of lightning.
Things that are here:
a +0 whip; a kobold corpse A kobold comes into view.
It is wielding a +3 short sword of electrocution.
The kobold shouts!
Casting: Static Discharge (safe; 9% risk of failure)
Confirm with . or Enter, or press ? or * to list all spells.
The kobold is struck by an arc of lightning.
The kobold is severely wounded.
You are struck by an arc of lightning.
The lightning grounds out.
The kobold hits you with a +3 short sword of electrocution.
You are electrocuted!!
Ouch! That really hurt!
You die...

#### #..
#K# #@#
#.# #.#
#.# #.#
#.# #.#
#.#
######.#


You could see a kobold.

Vanquished Creatures
  An endoplasm (D:1)
  A giant cockroach (D:1)
  A goblin (D:1)
  5 hobgoblins
  3 jackals (D:1)
  4 bats
  3 frilled lizards (D:1)
  2 kobolds
  A rat (D:1)
21 creatures vanquished.

Notes
Turn   | Place    | Note
-------+----------+-------------------------------------------
     0 | D:1      | DApurpleWHUMPUS the Deep Elf Air Elementalist began the
                  | quest for the Orb.
     0 | D:1      | Reached XP level 1. HP: 10/10 MP: 6/6
   351 | D:1      | Reached XP level 2. HP: 14/15 MP: 1/8
   940 | D:1      | Learned a level 2 spell: Poisonous Vapours
  1245 | D:2      | Learned a level 2 spell: Static Discharge
  1300 | D:2      | Mangled by a kobold

Illustrated notes

Levels and vault maps discovered:
D:1:      dpeg_arrival_tiny_a, layout_loops_corners
D:2:      layout_basic, basic_altar, uniq_natasha, uniq_jessica

Action                     || total
---------------------------++-------
  Melee: Short sword       ||    10
         Spear             ||     3
   Cast: Shock             ||    46
         Static Discharge  ||     2
         Poisonous Vapours ||     1
 Armour: Robe              ||    13
  Dodge: Dodged            ||    25

Table legend: (Time is in decaauts)
 A = Elapsed time spent in this place.
 B = Non-inter-level travel time spent in this place.
 C = Inter-level travel time spent in this place.
 D = Time resting spent in this place.
 E = Time spent auto-exploring this place.
 F = Levels seen in this place.
 G = Mean time per level.
                   A        B        C        D        E       F      G
               +--------+--------+--------+--------+--------+-----+--------+
         Total |   1299 |   1242 |     57 |    138 |    944 |   2 |  649.5 |
       Dungeon |   1299 |   1242 |     57 |    138 |    944 |   2 |  649.5 |
               +--------+--------+--------+--------+--------+-----+--------+

Top non-repeatable levels by time:
     D:1: 1231 daAuts
     D:2: 68 daAuts
